 Dungeon Crawl Stone Soup version 0.28-a0-706-gf6f64a616a (webtiles) character file.

Game seed: 8304947577975901657

4587 marklar909 the Artisan of Death (level 10, -9/81 HPs)
             Began as a Palentonga Necromancer on Oct 24, 2021.
             Was a Priest of Kikubaaqudgha.
             Mangled by a two-headed ogre (15 damage)
             ... on level 8 of the Dungeon.
             The game lasted 00:31:38 (13453 turns).

marklar909 the Artisan of Death (PaNe)             Turns: 13453, Time: 00:31:39

Health: -9/81      AC: 15    Str: 14    XL:     10   Next: 18%
Magic:  14/20      EV: 13    Int: 17    God:    Kikubaaqudgha [***...]
Gold:   268        SH:  3    Dex: 10    Spells: 3/22 levels left

rFire   + . .      SeeInvis +   j - +7 flail "Gyheck" {speed, Will+}
rCold   . . .      Faith    .   w - +0 buckler
rNeg    . . .      Spirit   .   p - +0 leather armour {rF+}
rPois   .          Reflect  .   b - +1 hat
rElec   .          Harm     .   u - +0 cloak
rCorr   .          Rampage  .   r - +0 pair of gloves
Will    +....                   (no barding)
Stlth   +.........              (no amulet)
HPRegen 0.23/turn               c - +4 ring of evasion
MPRegen 0.17/turn               (no ring)

@: curled up
A: large, rugged brown scales 3, see invisible, deformed body, roll 1, armoured
tail, reflexive curl
a: Rolling Charge, Renounce Religion, Receive Corpses


You were on level 8 of the Dungeon.
You worshipped Kikubaaqudgha.
Kikubaaqudgha was most pleased with you.
You visited 1 branch of the dungeon, and saw 9 of its levels.

You collected 328 gold pieces.
You spent 60 gold pieces at shops.

Inventory:

Hand Weapons
 d - a +0 flail
 j - the +7 flail "Gyheck" (weapon) {speed, Will+}
   (You found it on level 8 of the Dungeon)

   Attacks with this weapon are significantly faster.
   Will:      It increases your willpower.
Missiles
 e - 3 throwing nets
 k - 50 poisoned darts (quivered)
 y - a curare-tipped dart
Armour
 b - a +1 hat (worn)
 p - a +0 leather armour of fire resistance (worn)
 r - a +0 pair of gloves (worn)
 u - a +0 cloak (worn)
 w - a +0 buckler (worn)
 E - +0 steam dragon scales
Jewellery
 c - a +4 ring of evasion (left hand)
 n - a ring of ice
Wands
 C - a wand of paralysis (6)
 F - a wand of digging (5)
Scrolls
 a - a scroll of noise {unknown}
 f - 2 scrolls of magic mapping
 h - a scroll of immolation {unknown}
 l - a scroll of vulnerability {unknown}
 m - a scroll of fog
 o - a scroll of silence {unknown}
 q - 2 scrolls of enchant armour {unknown}
 v - 3 scrolls of teleportation
 x - a scroll of acquirement {unknown}
 D - 2 scrolls of identify
Potions
 g - a potion of flight
 i - 2 potions of attraction
 s - 2 potions of curing
 t - a potion of might
 z - a potion of haste
 A - 2 potions of lignification {unknown}
 B - a potion of heal wounds {unknown}


   Skills:
 * Level 6.0 Fighting
 + Level 4.6 Maces & Flails
 * Level 5.0 Armour
 + Level 3.0 Dodging
 - Level 1.2 Stealth
 * Level 1.1 Shields
 + Level 6.7 Spellcasting
 + Level 8.5 Necromancy
 + Level 0.2 Air Magic
 * Level 0.5 Earth Magic
 + Level 1.1 Evocations


You had 3 spell levels left.
You knew the following spells:

 Your Spells              Type           Power      Damage    Failure   Level
a - Pain                  Necr           100%       1d9       1%          1
b - Vampiric Draining     Necr           17%        2d8       1%          3
c - Animate Dead          Necr           17%        N/A       6%          4
d - Corpse Rot            Necr/Air       40%        N/A       4%          2
e - Dispel Undead         Necr           34%        3d15      6%          4
f - Borgnjor's Vile Clut  Necr/Erth      10%        N/A       63%         5

Your spell library contained the following spells:

 Spells                   Type           Power      Damage    Failure   Level
 Animate Skeleton         Necr           68%        N/A       1%          1
 Sublimation of Blood     Necr           17%        N/A       1%          2
 Sting                    Tmut/Pois      20%        1d4       19%         1
 Summon Small Mammal      Summ           20%        N/A       19%         1
 Passwall                 Tmut/Erth      5%         N/A       26%         2
 Poisonous Vapours        Pois/Air       12%        N/A       28%         2
 Scorch                   Fire           10%        2d5       28%         2
 Swiftness                Air            6%         N/A       47%         3
 Call Canine Familiar     Summ           5%         N/A       50%         3
 Gell's Gravitas          Tloc           2%         N/A       50%         3
 Lesser Beckoning         Tloc           5%         N/A       50%         3
 Portal Projectile        Hex/Tloc       10%        N/A       50%         3
 Summon Guardian Golem    Hex/Summ       5%         N/A       50%         3
 Teleport Other           Tloc           5%         N/A       50%         3
 Agony                    Necr           34%        N/A       16%         5
 Excruciating Wounds      Necr           17%        N/A       16%         5
 Leda's Liquefaction      Hex/Erth       3%         N/A       86%         4
 Flame Wave               Conj/Fire      5%         3d4       88%         4
 Olgreb's Toxic Radiance  Pois           5%         N/A       88%         4
 Invisibility             Hex            2%         N/A       100%        6
 Summon Cactus Giant      Summ           2%         N/A       100%        6


Dungeon Overview and Level Annotations

Branches:
Dungeon (9/15)             Temple (0/1) D:6
   Lair: D:8-11         Orc: D:9-12

Altars:
Gozag
Kikubaaqudgha
Makhleb
Nemelex Xobeh
Ru
Trog
Uskayaw
Vehumet
Wu Jian
Xom
Yredelemnul
Zin
The Shining One

Shops:
D:1 [   D:4 ?   D:6 (

Annotations:
D:3 3 runed translucent doors, anonymouscript's ghost, weakling FeDe
D:6 4 runed translucent doors, Crazy Yiuf; Dittersdorf's ghost, novice GrFi; MisterAzrael's ghost, novice FoFi; freelancePsychic's ghost, novice BaIE; sleeves's ghost, amateur DsFi
D:8 Gastronok


Innate Abilities, Weirdness & Mutations

You are completely covered in rugged brown scales. (AC +3, +7% HP)
You have supernaturally acute eyesight. (SInv)
Armour fits poorly on your strangely shaped body.
You can roll at nearby foes to attack.
You have a long armoured tail.
You curl defensively after being hit.


Message History

You start resting.
HP restored.
You start waiting.
Done waiting.
You climb downwards.
The two-headed ogre hits you with a +0 dire flail!
The two-headed ogre hits you with a +0 giant spiked club!
The howler monkey closely misses you.
The two-headed ogre hits you with a +0 dire flail!
The two-headed ogre misses you.
There is a stone staircase leading up, spattered with blood here.
Things that are here:
28 arrows; a +0 shortbow The howler monkey hits you but does no damage.
The howler monkey hits you.
You climb upwards.
Level annotation: Gastronok
There is a stone staircase leading down here.
Casting: Dispel Undead (dangerous; 6% risk of failure)
Confirm with . or Enter, or press ? or * to list all spells.
Aiming: Vampiric Draining (safe; 1% risk of failure)
Press: ? - help, Shift-Dir - straight line, f - two-headed ogre
Aim: a two-headed ogre, wielding a +0 dire flail and a +0 giant spiked club You draw life force from the two-headed ogre!
You feel life coursing into your body.
The two-headed ogre hits you with a +0 dire flail!
The two-headed ogre closely misses you. The howler monkey barely misses you.
Casting: Vampiric Draining (safe; 1% risk of failure)
Confirm with . or Enter, or press ? or * to list all spells.
Aiming: Vampiric Draining (safe; 1% risk of failure)
Press: ? - help, Shift-Dir - straight line, f/p - two-headed ogre
Aim: a two-headed ogre, wielding a +0 dire flail and a +0 giant spiked club (lightly wounded)
You draw life force from the two-headed ogre.
You feel life coursing into your body.
The howler monkey hits you but does no damage.
The two-headed ogre hits you with a +0 dire flail!!
* * * LOW HITPOINT WARNING * * *
The two-headed ogre hits you with a +0 giant spiked club!
You die...
Kikubaaqudgha rasps: "You have failed me!
Welcome... death!"

#..#### #.......##
#...##...# .....# ##.....##
#..###...# ...#.# ##...##
#........# #.#..# ##'##
##.###.#.# #.##.# #.#
#.......# #.#..# #.#
##########.### ...#.#
##.###.......##.# .....#
##...##h#####.##.# #)####
#.....#@# #.##.# #.#
##..)##O# #.##.#
#.##########.###.#####.##.#
#....ZZ.Z....###.#...)....#
############Z).....###.####
#####.......# #########


You could see a two-headed ogre and a howler monkey.

Vanquished Creatures
  Harold (D:8)
  A hornet (D:8)
  A shadow (D:8)
  A wyvern (D:6)
  2 steam dragons
  An acid dragon (D:9)
  2 water moccasins
  An orc warrior (D:9)
  2 ice beasts (D:7)
  A hornet zombie (D:6)
  A necrophage (D:2)
  5 centaurs
  3 ogres
  A phantom (D:4)
  2 kobold brigands
  3 bullfrogs
  Blork the orc (D:6)
  2 gnoll sergeants
  3 scorpions
  4 killer bees
  A howler monkey (D:8)
  2 hounds (D:5)
  3 orc priests
  2 jellies
  A bullfrog skeleton (D:4)
  2 iguanas
  3 orc wizards
  A killer bee zombie (D:5)
  A hound skeleton (D:5)
  A howler monkey zombie (D:5)
  22 gnolls
  A river rat (D:6)
  4 adders
  2 white imps (D:8)
  An ufetubus (D:6)
  2 adder skeletons (D:4)
  A worm (D:4)
  A dart slug (D:1)
  14 orcs
  6 endoplasms
  6 giant cockroaches
  8 goblins
  9 hobgoblins
  11 quokkas
  3 ball pythons
  7 bats
  4 frilled lizards
  23 kobolds
  7 rats
187 creatures vanquished.

Notes
Turn   | Place    | Note
-------+----------+-------------------------------------------
     0 | D:1      | marklar909 the Palentonga Necromancer began the quest for
                  | the Orb.
     0 | D:1      | Reached XP level 1. HP: 13/13 MP: 3/3
   345 | D:1      | Reached XP level 2. HP: 17/21 MP: 0/5
   652 | D:1      | Found Corr's Armour Emporium.
  1188 | D:1      | Reached XP level 3. HP: 20/26 MP: 0/6
  1321 | D:1      | Found a faded altar of an unknown god.
  1438 | D:1      | Reached skill level 1 in Fighting
  1958 | D:2      | Learned a level 3 spell: Vampiric Draining
  2183 | D:2      | Reached skill level 1 in Armour
  2545 | D:3      | Noticed a necrophage
  2656 | D:3      | Found a glowing silver altar of Zin.
  2823 | D:3      | Reached XP level 4. HP: 33/34 MP: 4/7
  3408 | D:3      | Found a runed translucent gate.
  3408 | D:3      | Found a runed translucent gate.
  3408 | D:3      | Found a runed translucent gate.
  3408 | D:3      | Noticed anonymouscript's ghost (weakling FeDe)
  3501 | D:3      | Found a hide-covered altar of Uskayaw.
  3527 | D:3      | Found a sparkling altar of Nemelex Xobeh.
  3528 | D:3      | Found a bloodstained altar of Trog.
  3528 | D:3      | Found a glowing golden altar of the Shining One.
  3528 | D:3      | Found an opulent altar of Gozag.
  3528 | D:3      | Found an ancient bone altar of Kikubaaqudgha.
  3529 | D:3      | Found a basalt altar of Yredelemnul.
  3530 | D:3      | Found a burning altar of Makhleb.
  3531 | D:3      | Found a radiant altar of Vehumet.
  3532 | D:3      | Found a sacrificial altar of Ru.
  3533 | D:3      | Found a shimmering altar of Xom.
  3562 | D:3      | Became a worshipper of Kikubaaqudgha
  3682 | D:4      | Learned a level 1 spell: Animate Skeleton
  3704 | D:4      | Noticed a scorpion
  3740 | D:4      | Killed a scorpion
  3741 | D:4      | Reached XP level 5. HP: 37/40 MP: 0/9
  3747 | D:4      | HP: 1/40 [gnoll (2)]
  3783 | D:4      | Reached skill level 5 in Necromancy
  4258 | D:4      | Noticed a phantom
  4549 | D:4      | Found Zowefu Qikh's Magic Scroll Shoppe.
  5415 | D:4      | Killed a phantom
  5416 | D:4      | Reached XP level 6. HP: 21/47 MP: 11/11
  5713 | D:4      | Reached skill level 1 in Maces & Flails
  5903 | D:4      | Reached * piety under Kikubaaqudgha
  5903 | D:4      | Received a gift from Kikubaaqudgha
  5911 | D:4      | Learned a level 2 spell: Corpse Rot
  6398 | D:4      | Bought a scroll of fear for 38 gold pieces
  6398 | D:4      | Bought a scroll of fog for 22 gold pieces
  6685 | D:5      | Entered Level 5 of the Dungeon
  6766 | D:5      | You fall into a shaft and drop 1 floor!
  6766 | D:6      | Noticed Crazy Yiuf
  6766 | D:6      | Found a runed translucent door.
  6886 | D:6      | Found a runed translucent gate.
  6886 | D:6      | Found a runed translucent gate.
  6886 | D:6      | Found a runed translucent gate.
  6892 | D:6      | Gained mutation: You curl defensively after being hit.
                  | [Palentonga growth]
  6892 | D:6      | Reached XP level 7. HP: 54/54 MP: 2/13
  7165 | D:6      | Noticed Blork the orc
  7175 | D:6      | Killed Blork the orc
  7341 | D:6      | Found a staircase to the Ecumenical Temple.
  7445 | D:6      | Reached skill level 6 in Necromancy
  8052 | D:5      | Reached XP level 8. HP: 58/62 MP: 9/14
  8351 | D:5      | Found an ornate altar of the Wu Jian Council.
  9145 | D:6      | Reached skill level 5 in Spellcasting
  9269 | D:6      | Reached skill level 7 in Necromancy
  9676 | D:6      | Found Wugeum's Antique Weapon Boutique.
  9943 | D:6      | Reached ** piety under Kikubaaqudgha
 10062 | D:6      | Noticed freelancePsychic's ghost (novice BaIE)
 10062 | D:6      | Noticed Dittersdorf's ghost (novice GrFi)
 10063 | D:6      | Noticed MisterAzrael's ghost (novice FoFi)
 10063 | D:6      | Noticed sleeves's ghost (amateur DsFi)
 10936 | D:7      | Reached XP level 9. HP: 46/70 MP: 1/17
 11887 | D:8      | Noticed Harold
 11950 | D:8      | Identified the +7 flail "Gyheck" {speed, Will+}
 12044 | D:8      | Noticed Gastronok
 12103 | D:8      | Learned a level 4 spell: Animate Dead
 12290 | D:8      | Killed Harold
 12291 | D:8      | Reached skill level 5 in Fighting
 12291 | D:8      | Reached skill level 8 in Necromancy
 12343 | D:8      | Paralysed by a kobold for 3 turns
 12873 | D:9      | Reached skill level 1 in Evocations
 12901 | D:9      | Reached *** piety under Kikubaaqudgha
 12901 | D:9      | Received a gift from Kikubaaqudgha
 12912 | D:9      | Reached XP level 10. HP: 58/79 MP: 19/19
 12920 | D:9      | Learned a level 4 spell: Dispel Undead
 12926 | D:9      | Learned a level 5 spell: Borgnjor's Vile Clutch
 13184 | D:9      | Reached skill level 5 in Armour
 13184 | D:9      | Reached skill level 1 in Shields
 13185 | D:9      | Noticed a two-headed ogre
 13453 | D:8      | Mangled by a two-headed ogre

Illustrated notes

Levels and vault maps discovered:
D:1:      dpeg_arrival_subterranean_lakeside_camping, layout_basic,
          hellmonk_ecumenical_altar_prayer_group, serial_shops, shop
D:2:      layout_loops_cross
D:3:      layout_loops_ring, zin_academy, minitemple, ebering_ghost_rock_garden
D:4:      layout_cave_pods, serial_shops, nicolae_inconvenience_store
D:5:      layout_gridville, marbit_many_paths, kennysheep_generic_room_12
D:6:      layout_basic, minmay_temple_entry_stoned_glass,
          gup_sewer_entry_spiral, gammafunk_ghost_cemetery, serial_shops,
          kennysheep_mini, uniq_blork_the_orc, uniq_crazy_yiuf_cottage
D:7:      layout_rooms
D:8:      layout_loops_corners, uniq_gastronok, uniq_harold, uniq_erica,
          uniq_maggie
D:9:      minmay_bubble_buster, layout_cave_pools, uniq_psyche

Skill      XL: |  1  2  3  4  5  6  7  8  9 10 |
---------------+-------------------------------+-----
Fighting       | 1 2 3 4 5 6 |  6.0
Armour         | 1 2 3 4 5 |  5.0
Spellcasting   | 3 4 5 6 |  6.7
Necromancy     | 5 6 7 8 |  8.5
Maces & Flails | 2 3 4 |  4.6
Dodging        | 2 3 |  3.0
Evocations     | 1 |  1.1
Shields        | 1 |  1.1
Stealth        | |  1.2
Air Magic      | |  0.2
Earth Magic    | |  0.5

Action                   |  1- 3 |  4- 6 |  7- 9 | 10-12 || total
-------------------------+-------+-------+-------+-------++-------
Melee: Unarmed           |     4 |       |       |       ||     4
       Whip              |     7 |    57 |       |       ||    64
       Tailslap          |     1 |     9 |    12 |     4 ||    26
       Flail             |       |    15 |   159 |    25 ||   199
Throw: Dart              |     1 |       |     3 |       ||     4
 Cast: Pain              |    82 |    67 |    89 |       ||   238
       Vampiric Draining |       |    16 |    59 |     8 ||    83
       Animate Skeleton  |       |     4 |     3 |       ||     7
       Corpse Rot        |       |     1 |     2 |       ||     3
       Animate Dead      |       |       |     1 |       ||     1
       Dispel Undead     |       |       |       |     2 ||     2
 Abil: Rolling Charge    |       |       |     4 |     1 ||     5
Evoke: Wand              |       |       |     9 |       ||     9
  Use: Scroll            |     5 |     2 |     3 |       ||    10
       Potion            |       |     3 |     1 |       ||     4
 Stab: Sleeping          |       |       |     1 |       ||     1
Armor: Robe              |     6 |    23 |    39 |       ||    68
       Leather armour    |       |       |    39 |    20 ||    59
Dodge: Dodged            |    13 |    58 |   196 |    26 ||   293
Block: Buckler           |       |       |    15 |     2 ||    17

Table legend: (Time is in decaauts)
 A = Elapsed time spent in this place.
 B = Non-inter-level travel time spent in this place.
 C = Inter-level travel time spent in this place.
 D = Time resting spent in this place.
 E = Time spent auto-exploring this place.
 F = Levels seen in this place.
 G = Mean time per level.
                   A        B        C        D        E       F      G
               +--------+--------+--------+--------+--------+-----+--------+
         Total |  13548 |  11946 |   1602 |   2590 |   7339 |   9 | 1505.3 |
       Dungeon |  13548 |  11946 |   1602 |   2590 |   7339 |   9 | 1505.3 |
               +--------+--------+--------+--------+--------+-----+--------+

Top non-repeatable levels by time:
     D:4: 2560 daAuts
     D:6: 2372 daAuts
     D:1: 1878 daAuts
     D:3: 1471 daAuts
     D:7: 1350 daAuts
     D:5: 1304 daAuts
     D:8: 1131 daAuts
     D:2: 1092 daAuts
     D:9: 387 daAuts
